 Dungeon Crawl Stone Soup version 0.30.0-13-g156ef70053 (webtiles) character file.

Game seed: 1674840012119234803

249 AlmostDecent the Chopper (level 6, -4/48 HPs)
             Began as a Formicid Fighter on May 17, 2023.
             Slain by an ogre
             ... wielding a +0 giant club
              (25 damage)
             ... on level 4 of the Dungeon on May 18, 2023.
             The game lasted 00:09:05 (3243 turns).

AlmostDecent the Chopper (Formicid Fighter)         Turns: 3243, Time: 00:09:05

Health: -4/48      AC:  7    Str: 20    XL:     6   Next: 35%
Magic:  6/6        EV:  9    Int: 14    God:
Gold:   178        SH:  7    Dex: 15    Spells: 5/5 levels left

rFire   . . .        a - +0 war axe
rCold   . . .        v - +2 buckler
rNeg    . . .        b - +0 scale mail
rPois   .            (helmet unavailable)
rElec   .            (no cloak)
rCorr   .            (no gloves)
SInv    +            (no boots)
Will    .....        n - amulet of the acrobat Stlth
                     e - +6 ring of intelligence
HPRegen 0.28/turn    (no ring)
MPRegen 0.10/turn

%: acrobat
@: no status effects
A: permanent stasis, dig shafts and tunnels, antennae 3, four strong arms
a: Dig, Shaft Self


You were on level 4 of the Dungeon.
You visited 1 branch of the dungeon, and saw 4 of its levels.

You collected 178 gold pieces.

Inventory:

Hand Weapons
 a - a +0 war axe (weapon)
Armour
 b - a +0 scale mail (worn)
 v - a +2 buckler (worn)
Jewellery
 c - an amulet of faith
 e - a +6 ring of intelligence (left hand)
 n - an amulet of the acrobat (around neck)
Scrolls
 g - 2 scrolls of teleportation
 j - a scroll of brand weapon {unknown}
 k - a scroll of noise {unknown}
 m - a scroll of magic mapping {unknown}
 o - 2 scrolls of vulnerability
 p - a scroll of enchant weapon {unknown}
 q - a scroll of butterflies {unknown}
 s - a scroll of enchant armour {unknown}
 u - 2 scrolls of fear {unknown}
Potions
 d - 3 potions of might
 f - a potion of ambrosia {unknown}
 h - 3 potions of heal wounds
 l - 2 potions of curing {unknown}
 r - 2 potions of brilliance {unknown}
 t - a potion of haste {unknown}


   Skills:
 + Level 4.0 Fighting
 * Level 5.1 Axes
 + Level 4.0 Armour
 + Level 0.3 Dodging
 + Level 4.5 Shields


You had 5 spell levels left.
You didn't know any spells.
Your spell library contained the following spells:

 Spells                   Type           Power      Damage    Failure   Level
 Shock                    Conj/Air       0%         1d3       69%         1
 Slow                     Hex            0%         N/A       69%         1
 Lesser Beckoning         Tloc           0%         N/A       83%         2
 Scorch                   Fire           0%         2d5       83%         2
 Confusing Touch          Hex            0%         N/A       96%         3
 Dazzling Flash           Conj/Hex       0%         N/A       96%         3
 Gell's Gravitas          Tloc           0%         N/A       96%         3
 Ozocubu's Armour         Ice            0%         N/A       96%         3
 Teleport Other           Tloc           0%         N/A       96%         3
 Vampiric Draining        Necr           0%         2d6       96%         3
 Volatile Blastmotes      Fire/Tloc      0%         2d10      96%         3
 Airstrike                Air            0%         2d(0-16)  100%        4
 Flame Wave               Conj/Fire      0%         2d4       100%        4
 Iskenderun's Mystic Bla  Conj/Tloc      0%         2d3       100%        4
 Metabolic Englaciation   Hex/Ice        0%         N/A       100%        5
 Simulacrum               Ice/Necr       0%         N/A       100%        6
 Starburst                Conj/Fire      0%         6d3       100%        6
 Summon Cactus Giant      Summ           0%         N/A       100%        6
 Swiftness                Air            Unusable   N/A       N/A         3

Dungeon Overview and Level Annotations

Branches:
Dungeon (4/15)
 Temple: D:4-7

Altars:
Ru


Innate Abilities, Weirdness & Mutations

You cannot be hasted, slowed, berserked, paralysed or teleported.
You can dig through walls and to a lower floor.
You have a pair of large antennae on your head. (SInv)
Your four strong arms can wield two-handed weapons with a shield.


Message History

You kill the orc!
The orc priest hits you but does no damage.
You slash the orc priest!
You kill the orc priest!
Your Axes skill increases to level 5!
Your Armour skill increases to level 4!
Things that are here:
a +0 hand axe; a +0 dagger; an orc corpse Unknown command.
Things that are here:
a +0 hand axe; a +0 dagger; an orc corpse
Things that are here:
a +0 hand axe; a +0 ring mail; an orc corpse You open the door.
There is an open door here.
You sense a monster nearby.
You open the door.
An ogre comes into view. It is wielding a +0 giant club.
The ogre shouts!
Found a potion of heal wounds.
A hound comes into view.
The hound barks!
There is an open door here.
You barely miss the hound. The hound bites you.
The hound bites you but does no damage.
You hit the hound but do no damage. The hound closely misses you.
The hound bites you. The ogre barely misses you.
You hit the ogre.
The ogre is lightly wounded.
You closely miss the hound. The hound bites you. x2
You barely miss the ogre.
The ogre is lightly wounded.
You miss the hound. You block the hound's attack.
The ogre hits you with a +0 giant club!!
The hound bites you.
You hit the ogre.
The ogre is moderately wounded.
You closely miss the hound. The hound bites you but does no damage.
The ogre hits you with a +0 giant club!!
Ouch! That really hurt!
You die...

.......))...............#....#...
........................#....#...
........(...............#....#...
......<.................#....#...
........................#....#...
..................############...
..................# #...
..................# #...
#########+######@## #...
.......Oh....# #...
.............# #...
............... #...
....!.......... #...
............... #...
........##...## #### ........#
...# #.. ...


You could see an ogre and a hound.

Vanquished Creatures
  2 orc priests (D:4)
  4 gnolls
  9 adders
  A dart slug (D:1)
  9 orcs
  3 endoplasms
  4 giant cockroaches
  3 hobgoblins
  3 jackals (D:3)
  6 kobolds
  2 quokkas (D:1)
  11 ball pythons
  3 bats
  3 frilled lizards
  4 goblins
  6 rats
73 creatures vanquished.

Notes
Turn   | Place    | Note
-------+----------+-------------------------------------------
     0 | D:1      | AlmostDecent the Formicid Fighter began the quest for the
                  | Orb.
     0 | D:1      | Reached XP level 1. HP: 18/18 MP: 1/1
    33 | D:1      | Reached XP level 2. HP: 24/24 MP: 2/2
    56 | D:1      | You fall into a shaft and drop 1 floor!
   176 | D:1      | Reached XP level 3. HP: 29/29 MP: 3/3
   717 | D:2      | Reached XP level 4. HP: 36/37 MP: 4/4
   721 | D:2      | Reached skill level 3 in Axes
  1305 | D:2      | Reached XP level 5. HP: 40/42 MP: 5/5
  1352 | D:2      | Reached skill level 4 in Axes
  1819 | D:3      | Found a sacrificial altar of Ru.
  2991 | D:4      | Reached XP level 6. HP: 48/48 MP: 6/6
  3114 | D:4      | Reached skill level 5 in Axes
  3237 | D:4      | Noticed an ogre
  3243 | D:4      | Slain by an ogre

Illustrated notes

Levels and vault maps discovered:
D:1:      mrwooster_arrival_arrow, layout_rooms
D:2:      layout_basic, minmay_snake_closets
D:3:      layout_loops_corners, nicolae_ru_the_path_less_chosen
D:4:      layout_gridville

Skill      XL: |  1  2  3  4  5  6 |
---------------+-------------------+-----
Axes           | 3 4 5 |  5.1
Fighting       | 4 |  4.0
Armour         | 4 |  4.0
Dodging        | |  0.3
Shields        | |  4.5

Action                     |  1- 3 |  4- 6 || total
---------------------------+-------+-------++-------
  Melee: War axe           |    46 |   143 ||   189
    Use: Scroll            |       |     3 ||     3
 Armour: Scale mail        |    22 |    54 ||    76
  Dodge: Dodged            |    30 |    65 ||    95
  Block: Buckler           |     9 |    39 ||    48
